cohdb
Replays
Latest Replays
All Replays
Popular Replays
Top Player Replays
Match Explorer
How It Works
Community
CoH3 Stats
Reddit
Sign in to upload your games and track your stats! →
Sign in with Steam
Match 33533632
Unlisted
Match 33533632
Overview
Messages
Build Orders
End
Construct Infanterie Kompanie
Kettenkrad Recon Vehicle
MG 42 Machine Gun Team
Selects Italian Coastal Battlegroup
Selects Coastal Reserves
Coastal Reserve
GrW 34 Mortar Team
Coastal Reserve
Construct Luftwaffe Kompanie
Medical Bunker
Selects Artillery Officer
Flak 30 Anti-aircraft Gun Team
Artillery Officer
Selects Support Bunkers
Support Elements
Wirbelwind Flakpanzer
Luftwaffe Officer Quarters
Selects Designated Artillery Overwatch
Selects Bulwark
Jäger Squad
Jäger Squad
Marder III M Tank Destroyer
Construct Panzer Kompanie
Pioneer Squad
Sturmpanzer IV Brummbär
Side Skirts
Selects Obice da 210/22 Artillery Emplacement
Panzer Officer Quarters
Artillery Officer
Marder III M Tank Destroyer
Sturmpanzer IV Brummbär
Pioneer Squad
Gwangju's Hero Chun Doo-gwang
King Tiger
michelin2_0
76561198439786516
Elefun.
Bruistablet
Lennox
Professor gibberish
0
0
Comments
sign in to comment!
No comments posted yet!